 Dungeon Crawl Stone Soup version 0.17-a0-1399-gd5b76e1 (webtiles) character file.

1162 urechis the Spear-Bearer (level 8, -6/97 HPs)
             Began as a Merfolk Gladiator on June 19, 2015.
             Killed by divine providence
             ... invoked by an orc priest
              (12 damage)
             ... on level 5 of the Dungeon.
             The game lasted 00:14:24 (4674 turns).

urechis the Spear-Bearer (Merfolk Gladiator)        Turns: 4674, Time: 00:14:24

Health: -6/97      AC:  4    Str: 20    XL:     8   Next: 40%
Magic:  8/8        EV: 16    Int:  8    God:
Gold:   169        SH:  0    Dex: 16    Spells: 0 memorised, 7 levels left

rFire  . . .     SeeInvis +     a - +0 trident
rCold  . . .     Clarity  .     b - +0 leather armour
rNeg   . . .     SustAt   .     (no shield)
rPois  .         Gourm    .     c - +0 helmet
rElec  .         Spirit   .     (no cloak)
rCorr  .         Warding  .     (no gloves)
rMut   .         Stasis   .     (no boots)
MR     +....                    (no amulet)
Stlth  ..........               l - ring of protection from magic
                                g - ring of see invisible

@: berserking (expiring), very quick, somewhat resistant to hostile
enchantments, extremely unstealthy
A: change form in water, swift swim
a: no special abilities


You were on level 5 of the Dungeon.
You were hungry.

You visited 2 branches of the dungeon, and saw 6 of its levels.
You also visited: Sewer.

You collected 169 gold pieces.

Inventory:

Hand weapons
 a - a +0 trident (weapon)
Missiles
 d - 3 throwing nets (quivered)
Armour
 b - a +0 leather armour (worn)
 c - a +0 helmet (worn)
 y - a +1 ring mail of positive energy
Jewellery
 g - a ring of see invisible (left hand)
 l - a ring of protection from magic (right hand)
 p - an uncursed ring of magical power
Scrolls
 f - a scroll of remove curse
 m - a scroll of recharging
 n - a scroll of amnesia
 o - a scroll of noise {unknown}
 q - a scroll of enchant armour {unknown}
 r - 2 scrolls of enchant weapon {unknown}
 v - 2 scrolls of teleportation
 A - a scroll of magic mapping {unknown}
Potions
 h - a potion of agility
 k - 2 potions of heal wounds {unknown}
 s - a potion of haste {unknown}
 u - a potion of lignification {unknown}
 z - a potion of brilliance {unknown}
 B - a potion of poison {unknown}
Comestibles
 e - 4 bread rations
 i - 4 meat rations
 j - a fruit
 w - a beef jerky


   Skills:
 * Level 6.9 Fighting
 - Level 10.0 Polearms
 - Level 2.0 Throwing
 + Level 6.9 Dodging


You had 7 spell levels left.
You didn't know any spells.

Dungeon Overview and Level Annotations

Branches:
Dungeon (5/15)             Temple (1/1) D:5

Altars:
Ashenzari
Cheibriados
Dithmenos
Elyvilon
Fedhas
Gozag
Kikubaaqudgha
Makhleb
Nemelex Xobeh
Okawaru
Qazlal
Ru
Sif Muna
Vehumet
The Shining One
Lugonu


Message History

An orc wizard comes into view. It is wielding a dagger.
The orc wizard shouts!
You puncture the necrophage!
You destroy the necrophage!
The orc priest closely misses you. The orc completely misses you.
You completely miss the orc priest. The orc priest barely misses you.
You closely miss the orc priest. You completely miss the orc priest.
The orc priest hits you.
* * * LOW HITPOINT WARNING * * *
You closely miss the orc priest. You barely miss the orc priest.
The orc priest closely misses you.
You hit the orc priest.
The orc priest is moderately wounded.
An orc wizard comes into view. It is wielding a dagger.
The orc wizard shouts!
You hit the orc priest.
The orc priest is heavily wounded.
The orc priest calls down the wrath of Beogh upon you.
Something smites you!
You die...

#
#########################
#..........+.............
#..........#.....).......
'..........#....@oo......
##+###....##..####o.##...
....##....##..## ..#
....#..........+ ..o#
....#..........# ...#
....+..........# ...#
....#.....##..## oo##
....#.....##+## ...
....+.....#


You could see an orc priest, 2 orc wizards and an orc.

Vanquished Creatures
  A centaur (D:5)
  A necrophage (D:5)
  An ogre (D:4)
  4 big kobolds (Sewer)
  A centaur zombie (D:5)
  A crimson imp (D:5)
  5 orc priests
  3 worker ants
  2 orc wizards (D:5)
  8 adders
  A shadow imp (D:4)
  4 river rats (Sewer)
  9 oozes
  2 adder skeletons
  3 worms
  6 giant geckos
  14 orcs
  A ball python (D:4)
  11 hobgoblins
  13 jackals
  19 kobolds
  2 quokkas
  8 bats
  7 giant cockroaches
  4 giant newts
  16 goblins
  15 rats
162 creatures vanquished.

Notes
Turn   | Place    | Note
--------------------------------------------------------------
     0 | D:1      | urechis the Merfolk Gladiator began the quest for the Orb.
     0 | D:1      | Reached XP level 1. HP: 16/16 MP: 1/1
   250 | D:1      | Reached skill level 5 in Polearms
   271 | D:1      | Reached XP level 2. HP: 22/22 MP: 2/2
   552 | D:1      | Reached XP level 3. HP: 17/27 MP: 3/3
   578 | D:1      | Reached skill level 6 in Polearms
   827 | D:2      | Found a burning altar of Makhleb.
   840 | D:2      | Found a glowing golden altar of the Shining One.
  1128 | D:2      | Found a shadowy altar of Dithmenos.
  1135 | D:2      | Found an opulent altar of Gozag.
  1137 | D:2      | Found a stormy altar of Qazlal.
  1257 | D:2      | Reached skill level 7 in Polearms
  1257 | D:2      | Reached XP level 4. HP: 30/33 MP: 4/4
  1594 | D:3      | Found a glowing golden altar of the Shining One.
  1663 | D:3      | Reached skill level 8 in Polearms
  1663 | D:3      | Reached XP level 5. HP: 28/38 MP: 5/5
  1836 | D:3      | Reached skill level 9 in Polearms
  2207 | D:3      | Reached XP level 6. HP: 33/44 MP: 6/6
  2622 | D:4      | Reached skill level 10 in Polearms
  2681 | D:4      | Found a glowing drain.
  2704 | Sewer    | Entered a sewer
  2764 | Sewer    | Reached XP level 7. HP: 47/52 MP: 7/7
  2963 | Sewer    | Reached skill level 5 in Dodging
  3086 | Sewer    | Reached skill level 5 in Fighting
  3401 | D:4      | Found a blossoming altar of Fedhas.
  3404 | D:4      | Found a snail-covered altar of Cheibriados.
  3408 | D:4      | Found an iron altar of Okawaru.
  4141 | D:5      | Entered Level 5 of the Dungeon
  4174 | D:5      | Reached XP level 8. HP: 46/64 MP: 8/8
  4302 | D:5      | Found a staircase to the Ecumenical Temple.
  4369 | Temple   | Entered the Ecumenical Temple
  4656 | D:5      | HP: 2/64 [necrophage (6)]
  4674 | D:5      | Killed from afar by an orc priest

Vault maps used:
D:1:      dpeg_arrival_morbid_curiosity
D:2:      grunt_temple_overflow_open, corexii_shack, grunt_decor_mini_mirrors
D:3:      nicolae_tso_carved_into_rock
D:4:      grunt_temple_overflow_diamond, portal_sewer_entry_c, first_bread,
          serial_bayou_pond_d
D:5:      minmay_temple_entry_statues, nicolae_ossuary_entry_false_entrances
Temple:   corrupted_temple
Sewer:    sewer_co_tree

Action                   |  1- 3 |  4- 6 |  7- 9 || total
-------------------------+-------+-------+-------++-------
Melee: Trident           |   143 |   225 |   269 ||   637
  Use: Potion            |     1 |       |     4 ||     5
       Scroll            |       |     6 |       ||     6
 Stab: Sleeping          |     1 |       |     8 ||     9
  Eat: Chunk             |     1 |     5 |     5 ||    11
       Fruit             |       |       |     1 ||     1
